PCL
DISTRICT 9 PRAWNS @ MILE HIGH BRONCOS
06/03/2024
 
TOP OF THE 1ST
District 9 Prawns batting - Pitching for Mile High Broncos : RHP John Burris
Pitching: RHP John Burris
Batting: SHB Tommy Bourassa 0-0: Swinging Strike
0-1: Swinging Strike
0-2: Ball
1-2: Ball
2-2: Ball
3-2: Ground out 4-3 (Groundball, 34)
Batting: LHB Brian Roy 0-0: Ball
1-0: Swinging Strike
1-1: Foul Ball, location: 2F
1-2: Ground out U3 (Groundball, 3)
Batting: LHB Leland Hardy 0-0: Ground out 1-3 (Groundball, 23)
Top of the 1st over - 0 run(s), 0 hit(s), 0 error(s), 0 left on base; District 9 0 - Mile High 0
BOTTOM OF THE 1ST
Mile High Broncos batting - Pitching for District 9 Prawns : RHP Gerard Allen
Pitching: RHP Gerard Allen
Batting: SHB Tom Stevens 0-0: Ball
1-0: Called Strike
1-1: Foul Ball, location: 2F
1-2: Strikes out swinging
Batting: RHB Juan Jose Guevana 0-0: SINGLE (Groundball, 56D)
Batting: RHB José Herrera 0-0: Ball
1-0: Ball
2-0: Ball
3-0: Grounds into double play, 1-6-3 (Groundball, 13S)
Bottom of the 1st over - 0 run(s), 1 hit(s), 0 error(s), 0 left on base; District 9 0 - Mile High 0
TOP OF THE 2ND
District 9 Prawns batting - Pitching for Mile High Broncos : RHP John Burris
Batting: LHB Ryan Hensley 0-0: SINGLE (Groundball, 34)
Batting: RHB Mal Snyder 0-0: Ball
1-0: Ball
2-0: Ball
3-0: Base on Balls
Ryan Hensley to second
Batting: RHB Lúcio García 0-0: Called Strike
0-1: Called Strike
0-2: Ball
1-2: Ground out 5-3 (Groundball, 5S)
Ryan Hensley to third
Mal Snyder to second
Batting: RHB Manuel Torres 0-0: Ground out 6-3 (Groundball, 6)
Ryan Hensley scores
Batting: LHB Ralph Schultz 0-0: Called Strike
0-1: Ball
1-1: Foul Ball, location: 2F
1-2: Ball
2-2: Strikes out swinging
Top of the 2nd over - 1 run(s), 1 hit(s), 0 error(s), 1 left on base; District 9 1 - Mile High 0
BOTTOM OF THE 2ND
Mile High Broncos batting - Pitching for District 9 Prawns : RHP Gerard Allen
Batting: RHB Vincente Ventura 0-0: SINGLE (Groundball, 34)
Batting: LHB Bill Houston 0-0: Swinging Strike
0-1: Ball
1-1: Foul Ball, location: 2F
1-2: Fly out, F7 (Flyball, 78M)
Batting: RHB Michael MacDonald 0-0: Ball
1-0: Called Strike
Vincente Ventura steals 2nd base
1-1: Ground out 5-3 (Groundball, 5)
Batting: RHB Terry Fuller 0-0: Ball
1-0: SINGLE (Line Drive, 34D)
Vincente Ventura to third
Runner from 3rd tries for Home, SAFE, no throw or cutoff
Batting: RHB José Rodríguez 0-0: Foul Ball, location: 2F
0-1: SINGLE (Groundball, 6MD)
Terry Fuller to second
Runner from 2nd tries for 3rd, SAFE, no throw or cutoff
Batting: LHB Doyle Otterburn 0-0: Ball
1-0: Foul Ball, location: 2F
1-1: SINGLE (Line Drive, 4D)
Terry Fuller scores
José Rodríguez to second
Runner from 2nd tries for 3rd, SAFE, no throw or cutoff
Batting: SHB Tom Stevens 0-0: Foul Ball, location: 2F
0-1: Ball
1-1: Ball
2-1: Foul Ball, location: 2F
2-2: Foul Ball, location: 2F
2-2: Ball
3-2: Foul Ball, location: 2F
3-2: Base on Balls
Doyle Otterburn to second
Batting: RHB Juan Jose Guevana 0-0: Ball
1-0: Ball
2-0: Foul Ball, location: 2F
2-1: Called Strike
2-2: Ground out 6-3 (Groundball, 6)
Bottom of the 2nd over - 2 run(s), 4 hit(s), 0 error(s), 3 left on base; District 9 1 - Mile High 2
TOP OF THE 3RD
District 9 Prawns batting - Pitching for Mile High Broncos : RHP John Burris
Batting: RHB Phil Jacobs 0-0: Foul Ball, location: 2F
0-1: Ball
1-1: Swinging Strike
1-2: SINGLE (Line Drive, 56D)
Batting: SHB Tommy Bourassa 0-0: Foul Ball, location: 2F
0-1: Ball
1-1: Ball
2-1: Ball
3-1: Base on Balls
Phil Jacobs to second
Batting: LHB Brian Roy 0-0: Called Strike
0-1: Ball
1-1: Called Strike
1-2: Foul Ball, location: 2F
1-2: Foul Ball, location: 2F
1-2: Grounds into double play, 4-6-3 (Groundball, 4)
Phil Jacobs to third
Batting: LHB Leland Hardy 0-0: Foul Ball, location: 2F
0-1: Foul Ball, location: 2F
0-2: Ball
1-2: SINGLE (Groundball, 56D)
Phil Jacobs scores
Batting: LHB Ryan Hensley 0-0: Ball
1-0: Ball
2-0: Fielders Choice at 2nd, U4 (Groundball, 4M)
Top of the 3rd over - 1 run(s), 2 hit(s), 0 error(s), 1 left on base; District 9 2 - Mile High 2
BOTTOM OF THE 3RD
Mile High Broncos batting - Pitching for District 9 Prawns : RHP Gerard Allen
Batting: RHB José Herrera 0-0: Called Strike
0-1: Ground out 5-3 (Groundball, 56)
Batting: RHB Vincente Ventura 0-0: Ball
1-0: Called Strike
1-1: Called Strike
1-2: Ball
2-2: Foul Ball, location: 2F
2-2: Foul Ball, location: 2F
2-2: Strikes out looking
Batting: LHB Bill Houston 0-0: Called Strike
0-1: Called Strike
0-2: Strikes out swinging
Bottom of the 3rd over - 0 run(s), 0 hit(s), 0 error(s), 0 left on base; District 9 2 - Mile High 2
TOP OF THE 4TH
District 9 Prawns batting - Pitching for Mile High Broncos : RHP John Burris
Batting: RHB Mal Snyder 0-0: Ball
1-0: Ball
2-0: Ball
3-0: Base on Balls
Batting: RHB Lúcio García 0-0: Ball
1-0: Swinging Strike
1-1: Foul Ball, location: 2F
1-2: Strikes out swinging
Batting: RHB Manuel Torres 0-0: Called Strike
0-1: Ball
1-1: Foul Ball, location: 2F
1-2: Ball
2-2: Foul Ball, location: 2F
2-2: Strikes out swinging
Batting: LHB Ralph Schultz 0-0: Ball
1-0: Fly out, F8 (Flyball, 8LXD)
Top of the 4th over - 0 run(s), 0 hit(s), 0 error(s), 1 left on base; District 9 2 - Mile High 2
BOTTOM OF THE 4TH
Mile High Broncos batting - Pitching for District 9 Prawns : RHP Gerard Allen
Batting: RHB Michael MacDonald 0-0: Ball
1-0: Ball
2-0: Called Strike
2-1: Foul Ball, location: 2F
2-2: Strikes out swinging
Batting: RHB Terry Fuller 0-0: Ball
1-0: Ball
2-0: Called Strike
2-1: Ball
3-1: Fly out, F3 (Line Drive, 34)
Batting: RHB José Rodríguez 0-0: Ball
1-0: Called Strike
1-1: Swinging Strike
1-2: Ground out 6-3 (Groundball, 6)
Bottom of the 4th over - 0 run(s), 0 hit(s), 0 error(s), 0 left on base; District 9 2 - Mile High 2
TOP OF THE 5TH
District 9 Prawns batting - Pitching for Mile High Broncos : RHP John Burris
Batting: RHB Phil Jacobs 0-0: Ball
1-0: DOUBLE (Line Drive, 8RXD)
Batting: SHB Tommy Bourassa 0-0: Ball
1-0: Ball
2-0: Ground out 6-3 (Groundball, 6)
Batting: LHB Brian Roy 0-0: Called Strike
0-1: Ball
1-1: Ball
2-1: 2-RUN HOME RUN (Flyball, 9LD), Distance : 372 ft
Batting: LHB Leland Hardy 0-0: Ball
1-0: Foul Ball, location: 2F
1-1: Called Strike
1-2: Strikes out swinging passed ball, reaches first!
Batting: LHB Ryan Hensley 0-0: Fly out, F9 (Flyball, 89D)
Now in RF: Marcos Reyes
Batting: RHB Mal Snyder 0-0: Ball
1-0: Called Strike
1-1: Ground out 4-3 (Groundball, 34)
Top of the 5th over - 2 run(s), 2 hit(s), 0 error(s), 1 left on base; District 9 4 - Mile High 2
BOTTOM OF THE 5TH
Mile High Broncos batting - Pitching for District 9 Prawns : RHP Gerard Allen
Batting: LHB Doyle Otterburn 0-0: Ball
1-0: Ball
2-0: Foul Ball, location: 2F
2-1: Foul Ball, location: 2F
2-2: Ball
3-2: Fly out, F7 (Flyball, 7LM)
Batting: SHB Tom Stevens 0-0: Called Strike
0-1: Called Strike
0-2: Ball
1-2: Ball
2-2: Ball
3-2: Foul Ball, location: 2F
3-2: Foul Ball, location: 2F
3-2: Ground out 4-3 (Groundball, 4)
Batting: RHB Juan Jose Guevana 0-0: Ball
1-0: Ball
2-0: Ball
3-0: Base on Balls
Batting: RHB José Herrera 0-0: Ball
1-0: Swinging Strike
1-1: Ball
2-1: Ball
3-1: Foul Ball, location: 2F
3-2: Fly out, F8 (Flyball, 8LM)
Bottom of the 5th over - 0 run(s), 0 hit(s), 0 error(s), 1 left on base; District 9 4 - Mile High 2
TOP OF THE 6TH
District 9 Prawns batting - Pitching for Mile High Broncos : RHP John Burris
Pitching: RHP Tony Marrero
Batting: RHB Lúcio García 0-0: Called Strike
0-1: Swinging Strike
0-2: Ball
1-2: Ball
2-2: Fly out, F7 (Flyball, 7M)
Batting: RHB Manuel Torres 0-0: Ball
1-0: Called Strike
1-1: Swinging Strike
1-2: Foul Ball, location: 2F
1-2: Foul Ball, location: 2F
1-2: Strikes out swinging
Batting: LHB Ralph Schultz 0-0: Ball
1-0: Ground out 1-3 (Groundball, 15)
Top of the 6th over - 0 run(s), 0 hit(s), 0 error(s), 0 left on base; District 9 4 - Mile High 2
BOTTOM OF THE 6TH
Mile High Broncos batting - Pitching for District 9 Prawns : RHP Gerard Allen
Pitching: RHP Doug Adams
Batting: RHB Vincente Ventura 0-0: Ball
1-0: Ball
2-0: Foul Ball, location: 2F
2-1: Reached on error, E4 (Groundball, 4)
Batting: RHB Marcos Reyes 0-0: Called Strike
Vincente Ventura steals 2nd base
0-1: Ball
Vincente Ventura is caught stealing 3rd base
1-1: Called Strike
1-2: Ball
2-2: Fly out, F3 (Popup, 3F)
Batting: RHB Michael MacDonald 0-0: Ball
1-0: Ball
2-0: Ball
3-0: Called Strike
3-1: Ground out 6-3 (Groundball, 6)
Bottom of the 6th over - 0 run(s), 0 hit(s), 1 error(s), 0 left on base; District 9 4 - Mile High 2
TOP OF THE 7TH
District 9 Prawns batting - Pitching for Mile High Broncos : RHP Tony Marrero
Batting: RHB Phil Jacobs 0-0: Ball
1-0: Called Strike
1-1: Swinging Strike
1-2: Ball
2-2: Strikes out looking
Batting: SHB Tommy Bourassa 0-0: Called Strike
0-1: Hit by Pitch
Pinch Runner at 1st Tony Guzmán:
Batting: LHB Brian Roy 0-0: Swinging Strike
0-1: Ball
1-1: Swinging Strike
1-2: Strikes out swinging
Batting: LHB Leland Hardy 0-0: Ball
1-0: Called Strike
1-1: Called Strike
1-2: Foul Ball, location: 2F
1-2: Strikes out swinging
Top of the 7th over - 0 run(s), 0 hit(s), 0 error(s), 1 left on base; District 9 4 - Mile High 2
BOTTOM OF THE 7TH
Mile High Broncos batting - Pitching for District 9 Prawns : RHP Doug Adams
Now at 3B: Tony Guzmán
Batting: RHB Terry Fuller 0-0: Swinging Strike
0-1: SINGLE (Line Drive, 8LS)
Batting: RHB José Rodríguez 0-0: Called Strike
0-1: Called Strike
0-2: Ball
1-2: Ball
2-2: Fielders Choice at 2nd, 6-4 (Groundball, 6M)
Batting: LHB Doyle Otterburn 0-0: Ball
1-0: Swinging Strike
1-1: Ball
2-1: Swinging Strike
2-2: Foul Ball, location: 2F
2-2: Ball
3-2: Fly out, F9 (Flyball, 9D)
Runner from 1st tags up, SAFE at 2nd
Batting: SHB Tom Stevens 0-0: Ball
1-0: Swinging Strike
1-1: Ball
2-1: Foul Ball, location: 2F
2-2: Strikes out swinging
Bottom of the 7th over - 0 run(s), 1 hit(s), 0 error(s), 1 left on base; District 9 4 - Mile High 2
TOP OF THE 8TH
District 9 Prawns batting - Pitching for Mile High Broncos : RHP Tony Marrero
Pitching: RHP Todd Howell
Batting: LHB Ryan Hensley 0-0: Ball
1-0: Ball
2-0: Called Strike
2-1: Ball
3-1: Base on Balls
Pitching: RHP Ramón Soto
Batting: RHB Mal Snyder 0-0: Ball
1-0: Foul Ball, location: 2F
1-1: Swinging Strike
1-2: Ball
2-2: Foul Ball, location: 2F
2-2: Ball
3-2: Foul Ball, location: 2F
3-2: Strikes out swinging
Batting: RHB Lúcio García 0-0: Ball
1-0: Called Strike
1-1: Foul Ball, location: 2F
1-2: SINGLE (Line Drive, 4D)
Ryan Hensley to second
Batting: RHB Manuel Torres 0-0: Called Strike
0-1: Ball
1-1: Ball
2-1: Ball
3-1: Fly out, F8 (Flyball, 8RM)
Batting: LHB Ralph Schultz 0-0: Ball
1-0: Called Strike
1-1: Ball
2-1: Foul Ball, location: 2F
2-2: Ball
3-2: SINGLE (Groundball, 34)
Ryan Hensley to third
Lúcio García to second
Ryan Hensley scores
Lúcio García to third
Batting: RHB Phil Jacobs 0-0: Called Strike
0-1: Ball
1-1: Ball
2-1: Foul Ball, location: 2F
2-2: Foul Ball, location: 2F
2-2: Strikes out swinging
Top of the 8th over - 1 run(s), 2 hit(s), 0 error(s), 2 left on base; District 9 5 - Mile High 2
BOTTOM OF THE 8TH
Mile High Broncos batting - Pitching for District 9 Prawns : RHP Doug Adams
Batting: RHB Juan Jose Guevana 0-0: Ball
1-0: Called Strike
1-1: SINGLE (Line Drive, 8RS)
Pitching: LHP Pedro Vega
Batting: RHB José Herrera 0-0: Ball
1-0: Ball
2-0: Foul Ball, location: 2F
2-1: Fly out, F4 (Line Drive, 4)
Batting: RHB Vincente Ventura 0-0: Swinging Strike
0-1: Swinging Strike
0-2: Ball
1-2: Strikes out swinging
Batting: RHB Marcos Reyes 0-0: Ball
1-0: Called Strike
1-1: Fly out, F3 (Popup, 3DF)
Bottom of the 8th over - 0 run(s), 1 hit(s), 0 error(s), 1 left on base; District 9 5 - Mile High 2
TOP OF THE 9TH
District 9 Prawns batting - Pitching for Mile High Broncos : RHP Ramón Soto
Batting: RHB Tony Guzmán 0-0: Called Strike
0-1: Ball
1-1: Foul Ball, location: 2F
1-2: Strikes out swinging
Pitching: RHP Thomas Young
Batting: LHB Brian Roy 0-0: Ball
1-0: Ball
2-0: Swinging Strike
2-1: Foul Ball, location: 2F
2-2: Fly out, F8 (Flyball, 8LM)
Batting: LHB Leland Hardy 0-0: Called Strike
0-1: Ball
1-1: Foul Ball, location: 2F
1-2: Ball
2-2: Foul Ball, location: 2F
2-2: Foul Ball, location: 2F
2-2: Strikes out swinging
Top of the 9th over - 0 run(s), 0 hit(s), 0 error(s), 0 left on base; District 9 5 - Mile High 2
BOTTOM OF THE 9TH
Mile High Broncos batting - Pitching for District 9 Prawns : LHP Pedro Vega
Batting: RHB Michael MacDonald 0-0: Ball
1-0: Fly out, F4 (Flyball, 34D)
Batting: RHB Terry Fuller 0-0: Foul Ball, location: 2F
0-1: Ball
1-1: Foul Ball, location: 2F
1-2: Ball
2-2: Ground out 4-3 (Groundball, 34)
Batting: RHB José Rodríguez 0-0: Foul Ball, location: 2F
0-1: Ball
1-1: Ground out 6-3 (Groundball, 6D)
Bottom of the 9th over - 0 run(s), 0 hit(s), 0 error(s), 0 left on base; District 9 5 - Mile High 2
This league is powered by Out of the Park Baseball, the baseball management simulation game for PC, Mac and Linux
Saturday, April 9th, 2016 - OOTP Baseball 16.8 Build 38